 Dungeon Crawl Stone Soup version 0.25-a0-860-gf695395b5c (console) character file.

Game seed: 13042170960181984560, levelgen mode: classic

28 Duffy the Firebug (level 2, -3/19 HPs)
             Began as a Demonspawn Fire Elementalist on Apr 27, 2020.
             Slain by an adder (5 damage)
             ... on level 2 of the Dungeon.
             The game lasted 00:02:09 (1581 turns).

Duffy the Firebug (Demonspawn Fire Elementalist)    Turns: 1581, Time: 00:02:10

Health: -3/19      AC:  3    Str:  5 (8)  XL:     2   Next: 96%
Magic:  1/5        EV: 12    Int: 13 (16) God:
Gold:   98         SH:  0    Dex: 11 (13) Spells: 4/5 levels left

rFire    . . .     SeeInvis .   c - 2 rations
rCold    . . .     Gourm    .   (no shield)
rNeg     . . .     Faith    .   a - +0 robe
rPois    .         Spirit   .   (no helmet)
rElec    .         Reflect  .   (no cloak)
rCorr    .         Harm     .   e - +0 pair of gloves
MR       .....                  (no boots)
Stlth    ++........             (no amulet)
HPRegen  0.06/turn              (no ring)
MPRegen  0.09/turn              (no ring)

@: lethally poisoned (-3 -> -6), very slightly contaminated
A: powered by death 1
a: no special abilities


You were on level 2 of the Dungeon.
You were not hungry.

You visited 1 branch of the dungeon, and saw 2 of its levels.

You collected 98 gold pieces.

Inventory:

Missiles
 i - 7 boomerangs (quivered)
Armour
 a - a +0 robe (worn)
 e - a +0 pair of gloves (worn)
Scrolls
 b - 2 scrolls of remove curse
 f - a scroll of teleportation {unknown}
 j - a scroll of enchant weapon {unknown}
 l - a scroll of identify {unknown}
 n - a scroll of enchant armour {unknown}
Potions
 g - a potion of resistance {unknown}
 h - a potion of haste {unknown}
 k - a potion of curing {unknown}
 m - a potion of flight {unknown}
Comestibles
 c - 2 rations (in hand)


   Skills:
 - Level 1.7 Dodging
 - Level 1.7 Stealth
 + Level 2.3 Spellcasting
 - Level 2.6 Conjurations
 - Level 2.6 Fire Magic


You had 4 spell levels left.
You knew the following spells:

 Your Spells              Type           Power        Failure   Level  Hunger
h - Foxfire               Conj/Fire      #...         9%          1    #......

Your spell library contained the following spells:

 Spells                   Type           Power        Failure   Level  Hunger
 Conjure Flame            Conj/Fire      #.......     26%         3    ###....
 Inner Flame              Hex/Fire       #.......     38%         3    ###....
 Sticky Flame             Conj/Fire      #.......     63%         4    #####..
 Fireball                 Conj/Fire      #.........   93%         5    ######.


Dungeon Overview and Level Annotations

Branches:
Dungeon (2/15)

Altars:
Nemelex Xobeh
Uskayaw

Annotations:
D:2 exclusions: adder and worm, Terence


Innate Abilities, Weirdness & Mutations

You regenerate a little health from kills.


Message History

Terence is lightly wounded.
The adder bites you. The adder barely misses you.
Okay, then.
Throwing (i - inventory)
i - 7 boomerangs (quivered)
Press: ? - help, Shift-Dir - straight line, f/p - adder
Aim: an adder (almost dead)
You throw a boomerang. The boomerang closely misses the adder.
The boomerang barely misses Terence.
You feel sick. The adder barely misses you.
Throwing (i - inventory)
i - 7 boomerangs (quivered)
Press: ? - help, Shift-Dir - straight line, f/p - adder
Aim: an adder (almost dead)
You throw a boomerang. The boomerang closely misses the adder.
The boomerang closely misses Terence.
The adder bites you. The adder barely misses you.
It was a potion of degeneration.
There was something very wrong with that liquid.
You feel weakened.
You feel dopey.
You feel clumsy. The adder bites you.
You die...

######### #.......#
#.....>.# #.......###
#......).<###
#.......#...#######
#...
#.......###........
#[<. #.......#
######### #...
##@#.##.## #
#...#######S......# #
#.........@###.#### ##
# ####...#####.##
##.## .).. #
......_......##
##.###....%
.............#
#.........
............%##
##..##..... ##
#....8.......## ##.#.#
... #.
#.........#...###....#
# #.


You could see Terence and an adder.

Vanquished Creatures
  An ooze (D:1)
  2 worms
  A dart slug (D:2)
  A goblin (D:1)
  A hobgoblin (D:1)
  5 bats
  2 frilled lizards (D:2)
  3 kobolds
  2 rats
18 creatures vanquished.

Vanquished Creatures (others)
  62 foxfires
62 creatures vanquished.

Grand Total: 80 creatures vanquished

Notes
Turn   | Place    | Note
-------+----------+-------------------------------------------
     0 | D:1      | Duffy the Demonspawn Fire Elementalist began the quest for
                  | the Orb.
     0 | D:1      | Reached XP level 1. HP: 13/13 MP: 3/3
   453 | D:1      | Gained mutation: You regenerate a little health from kills.
                  | [demonic ancestry]
   453 | D:1      | Reached XP level 2. HP: 19/19 MP: 3/5
  1450 | D:2      | Found a sparkling altar of Nemelex Xobeh.
  1450 | D:2      | Found a hide-covered altar of Uskayaw.
  1552 | D:2      | Noticed Terence
  1581 | D:2      | Slain by an adder

Levels and vault maps discovered:
D:1:      lemuel_arrival_rhombus, layout_loops_corners
D:2:      layout_loops_cross, fedhas_altar_4, grunt_temple_overflow_open,
          minmay_misc_feat_encased, uniq_terence

Skill      XL: |  1 |
---------------+----+-----
Conjurations   | 2 |  2.6
Dodging        | |  1.7
Stealth        | |  1.7
Spellcasting   | |  2.3
Fire Magic     | |  2.6

Action                   || total
-------------------------++-------
Throw: Boomerang         ||    30
 Cast: Foxfire           ||    44
  Use: Scroll            ||     1
       Potion            ||     1
  Eat: Chunk             ||     3
Armor: Robe              ||     3
Dodge: Dodged            ||    21

Table legend:
 A = Non-vault XP
 B = Vault XP
 C = Vault XP percentage of total XP
 D = Non-vault monster count
 E = Vault monster count
 F = Vault count percentage of total count
                 A         B        C        D         E       F
            +---------+---------+-------+---------+---------+-------
      Total |      40 |       0 |   0.0 |      18 |       0 |   0.0
            +---------+---------+-------+---------+---------+-------
        D:1 |      23 |       0 |   0.0 |      10 |       0 |   0.0
        D:2 |      17 |       0 |   0.0 |       8 |       0 |   0.0
            +---------+---------+-------+---------+---------+-------
